 Dungeon Crawl Stone Soup version 0.31-a0-1522-g43313d8a59 (webtiles) character file.

Game seed: 9056363040828908912

8659 monsoonserge the Spear-Bearer (level 11, -4/95 HPs)
             Began as a Hill Orc Fighter on Dec 30, 2023.
             Was an Elder of Makhleb.
             Slain by an orc warrior
             ... wielding a +0 war axe
              (8 damage)
             ... on level 10 of the Dungeon.
             The game lasted 00:34:00 (8522 turns).

monsoonserge the Spear-Bearer (Hill Orc Fighter)    Turns: 8522, Time: 00:34:01

Health: -4/95      AC: 14    Str: 24    XL:     11   Next: 34%
Magic:  0/25       EV:  9    Int: 10    God:    Makhleb [****..]
Gold:   795        SH:  6    Dex: 14    Spells: 10/10 levels left

rFire   + . .        Q - +2 war axe (heavy)
rCold   . . .        c - +0 buckler
rNeg    + . .        s - +1 chain mail of Minor Irritation {+Blink rF+ Dex+4 Stlth+}
rPois   .            (no helmet)
rElec   +            b - scarf {repulsion}
rCorr   .            t - +0 pair of gloves
SInv    .            w - +0 pair of boots
Will    .....        q - amulet of guardian spirit
Stlth   x              - ring of magical power
HPRegen 0.35/turn    J - ring of Ytwa {rElec rN+ Int+2}
MPRegen 0.19/turn

%: repel missiles, guardian spirit
@: hasted and slowed
A: no striking features
a: Renounce Religion, Evoke Blink, Minor Destruction, Lesser Servant of Makhleb,
Major Destruction


You were on level 10 of the Dungeon.
You worshipped Makhleb.
Makhleb was greatly pleased with you.
You visited 2 branches of the dungeon, and saw 11 of its levels.
You also visited: Ossuary.

You collected 795 gold pieces.

Inventory:

Hand Weapons
 p - a +2 spear of venom
 M - a +3 halberd of freezing
 N - a +1 demon whip of venom
 Q - a +2 heavy war axe (weapon)
Missiles
 I - 24 poisoned darts (quivered)
 K - 2 curare-tipped darts
 L - a throwing net
 R - 6 javelins
Armour
 a - a +0 chain mail of cold resistance
 b - a scarf of repulsion (worn)
 c - a +0 buckler (worn)
 s - the +1 chain mail of Minor Irritation (worn) {+Blink rF+ Dex+4 Stlth+}
   (You found it on level 3 of the Dungeon)

   Dex+4:     It affects your dexterity (+4).
   rF+:       It protects you from fire.
   +Blink:    It lets you blink.
   Stlth+:    It makes you more stealthy.
 t - a +0 pair of gloves (worn)
 w - a +0 pair of boots (worn)
 y - the +3 ring mail of the Accordion {rElec Dex+4 Stlth+}
   (You found it on level 5 of the Dungeon)

   Dex+4:     It affects your dexterity (+4).
   rElec:     It insulates you from electricity.
   Stlth+:    It makes you more stealthy.
 S - a +2 chain mail of poison resistance
Jewellery
 q - an amulet of guardian spirit (around neck)
 x - a ring of magical power (left hand)
 E - a ring of resist corrosion
 J - the ring of Ytwa (right hand) {rElec rN+ Int+2}
   (You found it on level 7 of the Dungeon)

   [ring of positive energy]

   Int+2:     It affects your intelligence (+2).
   rElec:     It insulates you from electricity.
   rN+:       It protects you from negative energy.
 O - a +6 ring of dexterity
Wands
 o - a wand of mindburst (22)
 F - a wand of flame (26)
Scrolls
 e - a scroll of immolation
 i - a scroll of acquirement {unknown}
 j - 8 scrolls of teleportation {unknown}
 k - 3 scrolls of vulnerability
 m - 4 scrolls of enchant weapon
 n - 2 scrolls of enchant armour
 u - a scroll of amnesia
 z - 4 scrolls of fog
 G - 2 scrolls of noise {unknown}
Potions
 d - a potion of might
 f - 3 potions of haste
 g - 2 potions of mutation
 h - a potion of ambrosia {unknown}
 l - 2 potions of enlightenment {unknown}
 r - a potion of lignification
 v - 3 potions of heal wounds
 A - 2 potions of attraction
 B - 2 potions of brilliance
 C - 3 potions of curing
 D - 2 potions of magic
 H - a potion of cancellation {unknown}
 P - a potion of invisibility {unknown}


   Skills:
 + Level 8.6 Fighting
 + Level 4.3(9.6) Axes
 - Level 4.8(5.4) Maces & Flails
 - Level 9.9(10.2) Polearms
 + Level 0.2 Throwing
 + Level 8.2 Armour
 + Level 2.4 Dodging
 + Level 6.8 Shields
 * Level 7.4 Invocations
 + Level 5.0 Evocations


You had 10 spell levels left.
You didn't know any spells.
Your spell library contained the following spells:

 Spells                   Type           Power      Damage    Failure   Level
 Apportation              Tloc           0%         N/A       90%         1
 Ensorcelled Hibernation  Hex/Ice        0%         N/A       97%         2
 Jinxbite                 Hex            0%         N/A       97%         2
 Hailstorm                Conj/Ice       0%         3d5       99%         3
 Inner Flame              Hex/Fire       0%         N/A       99%         3
 Passwall                 Erth           0%         N/A       99%         3
 Summon Ice Beast         Ice/Summ       0%         N/A       99%         3
 Swiftness                Air            0%         N/A       99%         3
 Alistair's Intoxication  Alch           0%         N/A       100%        5
 Irradiate                Conj/Alch      0%         3d11      100%        5
 Sculpt Simulacrum        Ice/Alch       0%         N/A       100%        6
 Ignition                 Fire           0%         3d3       100%        8


Dungeon Overview and Level Annotations

Branches:
Dungeon (10/15)            Temple (1/1) D:7            Lair (0/5) D:9
    Orc (0/2) D:10        Ossuary (visited)

Altars:
Ashenzari
Cheibriados
Dithmenos
Elyvilon
Fedhas
Gozag
Hepliaklqana
Kikubaaqudgha
Makhleb
Nemelex Xobeh
Okawaru
Qazlal
Ru
Sif Muna
Trog
Uskayaw
Vehumet
Wu Jian
Xom
Yredelemnul
Zin
The Shining One
Beogh

Shops:
D:9 *

Annotations:
D:2 1 runed translucent door, Crazy Yiuf
D:5 2 transporters, Zvl3's ghost, novice DsFi
D:6 1 runed translucent door, timneilson's ghost, novice OpSh
D:9 1 runed translucent door, kaesle's ghost, novice HOFi


Message History

The hornet stings you.
* * * LOW HITPOINT WARNING * * *
You are poisoned.
You feel as though you will be slow longer.
Unknown command.
Okay, then.
You feel yourself speed up.
You feel very sick. You block the hornet's attack.
The orc hits you but does no damage. x2
The orc warrior closely misses you. You block the orc's attack.
The hornet stings you but does no damage.
The orc closely misses you. The orc warrior closely misses you.
The orc hits you with a +0 falchion.
* * * LOW HITPOINT WARNING * * *
The orc warrior barely misses you.
The orc hits you from afar with a +0 trident.
* * * LOW HITPOINT WARNING * * *
Unknown command.
It was a potion of curing.
You feel better. The hornet stings you!
* * * LOW HITPOINT WARNING * * *
You feel as though you will be slow longer.
Your ynoxinul barely misses the orc.
The hornet stings you!
* * * LOW HITPOINT WARNING * * *
You feel as though you will be slow longer.
The orc barely misses you. x2; The orc hits you but does no damage.
You block the orc warrior's attack.
The orc warrior hits you with a +0 dire flail.
* * * LOW HITPOINT WARNING * * *
As you read the scroll labelled JANICVOSCHI, it crumbles to dust.
It is a scroll of amnesia.
You feel forgetful for a moment.
The orc warrior is no longer covered in acid.
The hornet stings you but does no damage.
Your ynoxinul gestures at the orc.
The iron shot hits the orc!!
The orc dies!
Makhleb accepts your kill. You block the orc's attack.
The orc warrior hits you with a +0 war axe!
You die...

#._...#.............#......
#.....#.[.))..))....#...%..
#......)).))[[[.[..........
#.....#.....[.)[)<..##.....
#######.........).####....[
#.........#######....#.....
#######.....# ##.........
#..3..# #......... #..$@y#
#........( #..ooo.#
#......... #....ooo.#
#####..... #.####.....
##.... #. ..8.... #.... #.
....... #.... .......
...... ..>.... #..##+ ##.


You could see a hornet, 2 orc warriors, 4 orcs and a friendly ynoxinul
(summoned).

Vanquished Creatures
  A two-headed ogre (D:9)
  An orange demon (D:8)
  Joseph (D:8)
  A troll (D:9)
  5 yaks
  2 wyverns
  A steam dragon (D:8)
  3 water moccasins
  3 sky beasts
  An ice beast (D:6)
  2 black bears
  7 orc warriors
  6 centaurs
  2 ogres
  A phantom (D:4)
  4 kobold brigands
  3 bullfrogs
  A gnoll sergeant (D:6)
  3 water moccasin zombies (Ossuary)
  4 scorpions
  A burial acolyte (Ossuary)
  10 wights
  10 killer bees (D:9)
  3 howler monkeys
  2 jellies
  3 hounds
  7 orc priests
  2 bombardier beetles
  A gnoll bouda (D:8)
  5 orc wizards
  2 sleepcaps
  An iguana (D:4)
  2 crocodile zombies (Ossuary)
  3 mummies
  8 gnolls
  5 adders
  4 shadow imps
  2 white imps (D:8)
  8 adder zombies (Ossuary)
  3 dart slugs
  2 ribbon worms (D:2)
  38 orcs
  6 ball pythons
  6 endoplasms
  6 giant cockroaches
  7 gnoll zombies (Ossuary)
  7 hobgoblins
  9 jackals
  4 quokkas
  4 bats
  2 frilled lizards (D:3)
  7 goblins
  A hobgoblin zombie (D:5)
  2 jackal zombies (Ossuary)
  33 kobolds
  A kobold zombie (D:5)
  3 orc zombies (Ossuary)
  8 rats
280 creatures vanquished.

Vanquished Creatures (collateral kills)
  Amaemon (D:8)
  A black bear (D:8)
  A kobold brigand (D:8)
  A gnoll (D:8)
  A white imp (D:8)
  An orc (D:10)
  3 kobolds (D:8)
9 creatures vanquished.

Vanquished Creatures (others)
  An orc (D:10)
1 creature vanquished.

Grand Total: 290 creatures vanquished

Notes
Turn   | Place    | Note
-------+----------+-------------------------------------------
     0 | D:1      | monsoonserge the Hill Orc Fighter began the quest for the
                  | Orb.
     0 | D:1      | Reached XP level 1. HP: 19/19 MP: 1/1
   147 | D:1      | Reached XP level 2. HP: 27/27 MP: 2/2
   272 | D:1      | Reached XP level 3. HP: 28/33 MP: 3/3
  1387 | D:2      | Found a runed translucent door.
  1388 | D:2      | Noticed Crazy Yiuf
  1529 | D:2      | Reached XP level 4. HP: 40/40 MP: 4/4
  1794 | D:3      | Found a burning altar of Makhleb.
  1815 | D:3      | Became a worshipper of Makhleb the Destroyer
  1822 | D:3      | Found a faded altar of an unknown god.
  1904 | D:3      | Noticed a centaur
  1910 | D:3      | Killed a centaur
  1911 | D:3      | Reached skill level 1 in Polearms
  1911 | D:3      | Reached XP level 5. HP: 26/47 MP: 1/5
  2027 | D:3      | Identified the +1 chain mail of Minor Irritation {+Blink
                  | rF+ Dex+4 Stlth+}
  2113 | D:3      | Reached skill level 2 in Polearms
  2113 | D:3      | Reached skill level 1 in Evocations
  2113 | D:3      | Reached XP level 6. HP: 49/55 MP: 6/6
  2498 | D:4      | Reached skill level 5 in Fighting
  2498 | D:4      | Reached skill level 3 in Polearms
  2516 | D:4      | Reached * piety under Makhleb
  2522 | D:4      | Reached XP level 7. HP: 21/61 MP: 1/7
  2532 | D:4      | HP: 3/61 [burnt (2)]
  2875 | D:4      | Reached skill level 4 in Polearms
  3182 | D:5      | Entered Level 5 of the Dungeon
  3201 | D:5      | Identified the +3 ring mail of the Accordion {rElec Dex+4
                  | Stlth+}
  3256 | D:5      | Found a sand-covered staircase.
  3291 | D:5      | Reached skill level 1 in Dodging
  3297 | D:5      | Reached skill level 5 in Armour
  3305 | Ossuary  | Entered an ossuary
  3343 | Ossuary  | Reached XP level 8. HP: 69/69 MP: 8/8
  3356 | Ossuary  | Reached skill level 5 in Polearms
  3467 | Ossuary  | Reached ** piety under Makhleb
  3691 | D:5      | Found a transporter.
  3788 | D:5      | Found a transporter.
  3820 | D:5      | Found a transporter.
  3824 | D:5      | Noticed Zvl3's ghost (novice DsFi)
  3849 | D:5      | Found a transporter.
  4363 | D:5      | Reached skill level 6 in Polearms
  4461 | D:5      | Reached skill level 5 in Shields
  4551 | D:6      | Reached skill level 7 in Polearms
  4599 | D:6      | Reached XP level 9. HP: 57/75 MP: 9/9
  4697 | D:6      | Found a runed translucent door.
  4746 | D:6      | Reached skill level 8 in Polearms
  4888 | D:6      | Reached *** piety under Makhleb
  5005 | D:6      | Noticed timneilson's ghost (novice OpSh)
  5377 | D:7      | Reached skill level 1 in Invocations
  5448 | D:7      | Found a staircase to the Ecumenical Temple.
  5625 | Temple   | Entered the Ecumenical Temple
  5777 | D:7      | Identified the ring of Ytwa {rElec rN+ Int+2}
  5861 | D:7      | Reached skill level 5 in Evocations
  6119 | D:8      | Reached skill level 9 in Polearms
  6123 | D:8      | Reached XP level 10. HP: 65/86 MP: 6/12
  6211 | D:8      | Noticed Joseph
  6235 | D:8      | Killed Joseph
  6460 | D:8      | Reached **** piety under Makhleb
  6757 | D:8      | Noticed an orange demon
  6772 | D:8      | Killed an orange demon
  6776 | D:8      | Noticed Amaemon
  6781 | D:8      | Killed Amaemon
  6782 | D:8      | Reached skill level 5 in Invocations
  7311 | D:9      | Reached skill level 1 in Maces & Flails
  7418 | D:9      | Found Gemexum's General Store.
  7478 | D:9      | Noticed a two-headed ogre
  7484 | D:9      | Killed a two-headed ogre
  7485 | D:9      | Reached XP level 11. HP: 91/95 MP: 15/15
  7539 | D:9      | Found a staircase to the Lair.
  7660 | D:9      | Found a runed translucent door.
  7661 | D:9      | Identified the +10 trident "Secret Weapon" {protect, Int+4}
  7664 | D:9      | Noticed kaesle's ghost (novice HOFi)
  8084 | D:10     | Entered Level 10 of the Dungeon
  8497 | D:10     | Found a roughly hewn altar of Beogh.
  8511 | D:10     | Found a staircase to the Orcish Mines.
  8518 | D:10     | Paralysed by a hornet for 2 turns
  8521 | D:10     | HP: 4/95 [hornet (9)]
  8522 | D:10     | Slain by an orc warrior

Illustrated notes

Levels and vault maps discovered:
D:1:      amcnicky_arrival_double_pillar, layout_basic
D:2:      layout_basic, minmay_split_cup_large, uniq_crazy_yiuf_cottage
D:3:      layout_basic, bloody_makhleb, nicolae_ecumenical_lake_church
D:4:      layout_basic
D:5:      gammafunk_wand_slinger, layout_gridville, gammafunk_ghost_arena,
          nicolae_ossuary_entry_giza
D:6:      layout_rooms, gammafunk_ghost_grave, st_stairs_2
D:7:      layout_cave_pools, minmay_temple_entry_glass
D:8:      layout_basic, kennysheep_generic_room_5, uniq_amaemon, uniq_joseph
D:9:      layout_roguey, dpeg_oklobed_lair, serial_shops, shop,
          ebering_ghost_funeral_grove, minmay_misc_feat_encased
D:10:     layout_basic, david_orc_2, special_room [special_room_orc],
          serial_rivers, chequers_serial_rivers_large_b,
          chequers_serial_rivers_room_a, chequers_serial_rivers_room_a,
          chequers_serial_rivers_small_3, chequers_serial_rivers_small_b,
          small_statue_intersection
Temple:   grunt_wide_crystal_templ

Skill      XL: |  1  2  3  4  5  6  7  8  9 10 11 |
---------------+----------------------------------+-----
Axes           | 3 4 |  4.3
Fighting       | 4 5 7 8 |  8.6
Polearms       | 1 2 3 4 7 9 |  9.9
Armour         | 4 5 6 8 |  8.2
Shields        | 4 5 6 |  6.8
Evocations     | 1 2 4 5 |  5.0
Dodging        | 1 2 |  2.4
Invocations    | 3 6 7 |  7.4
Maces & Flails | 3 4 |  4.8
Throwing       | |  0.2

Action                     |  1- 3 |  4- 6 |  7- 9 | 10-12 || total
---------------------------+-------+-------+-------+-------++-------
  Melee: War axe           |   110 |    38 |       |    20 ||   168
         Spear             |       |    87 |   639 |   164 ||   890
         Demon whip        |       |       |       |   158 ||   158
         Halberd           |       |       |       |     6 ||     6
  Throw: Javelin           |       |       |     2 |       ||     2
 Invoke: Minor Destruction |       |       |       |    30 ||    30
         Lesser Servant of |       |       |       |     2 ||     2
    Use: Scroll            |       |       |     9 |     3 ||    12
         Potion            |       |       |       |     2 ||     2
 Armour: Scale mail        |    79 |    40 |       |       ||   119
         Chain mail        |       |    31 |   258 |   265 ||   554
  Dodge: Dodged            |    69 |    40 |   145 |   146 ||   400
         Repelled          |       |       |     2 |       ||     2
  Block: Buckler           |    32 |    22 |    91 |   101 ||   246

Table legend: (Time is in decaauts)
 A = Elapsed time spent in this place.
 B = Non-inter-level travel time spent in this place.
 C = Inter-level travel time spent in this place.
 D = Time resting spent in this place.
 E = Time spent auto-exploring this place.
 F = Levels seen in this place.
 G = Mean time per level.
                   A        B        C        D        E       F      G
               +--------+--------+--------+--------+--------+-----+--------+
         Total |   8392 |   8087 |    305 |    636 |   4342 |  12 |  699.3 |
       Dungeon |   8108 |   7803 |    305 |    636 |   4342 |  10 |  810.8 |
        Temple |      1 |      1 |      0 |      0 |      0 |   1 |    1.0 |
       Ossuary |    282 |    282 |      0 |      0 |      0 |   1 |  282.0 |
               +--------+--------+--------+--------+--------+-----+--------+

Top non-repeatable levels by time:
     D:9: 1203 daAuts
     D:5: 996 daAuts
     D:7: 943 daAuts
     D:2: 923 daAuts
     D:4: 832 daAuts
     D:1: 817 daAuts
     D:8: 785 daAuts
     D:6: 752 daAuts
     D:3: 655 daAuts
 Ossuary: 282 daAuts
    D:10: 198 daAuts
  Temple: 1 daAuts
